 Dungeon Crawl Stone Soup version 0.28.0-53-g5a82cb258f (webtiles) character file.

Game seed: 15918737711240892926

157 jjjjhere the Sneak (level 5, 0/31 HPs)
             Began as a Vampire Necromancer on Aug 15, 2022.
             Slain by an orc
             ... wielding a +0 short sword
              (5 damage)
             ... on level 3 of the Dungeon.
             The game lasted 00:04:48 (2382 turns).

jjjjhere the Sneak (Vampire Necromancer)            Turns: 2382, Time: 00:04:48

Health: 0/31       AC:  2    Str: 13    XL:     5   Next: 15%
Magic:  1/18       EV: 12    Int: 19    God:
Gold:   90         SH:  0    Dex: 15    Spells: 6/10 levels left

rFire   . . .      SeeInvis +   e - +0 dagger
rCold   . . .      Faith    .   (no shield)
rNeg    . . .      Spirit   .   a - +0 robe
rPois   .          Reflect  .   (no helmet)
rElec   .          Harm     .   (no cloak)
rCorr   .          Rampage  .   (no gloves)
Will    .....                   (no boots)
Stlth   +++.......              (no amulet)
HPRegen 0.30/turn               f - +6 ring of strength
MPRegen 0.16/turn               i - ring of magical power

@: healing quickly
A: alive, fangs 3, see invisible, vampiric 2, [frail 1]
a: Exsanguinate


You were on level 3 of the Dungeon.
You visited 1 branch of the dungeon, and saw 4 of its levels.

You collected 90 gold pieces.

Inventory:

Hand Weapons
 e - a +0 dagger (weapon)
Armour
 a - a +0 robe (worn)
Jewellery
 f - a +6 ring of strength (left hand)
 i - a ring of magical power (right hand)
 j - a ring of fire
Scrolls
 b - a scroll of summoning {unknown}
 c - 3 scrolls of fear {unknown}
 g - a scroll of brand weapon {unknown}
 k - a scroll of immolation {unknown}
 l - a scroll of fog {unknown}
 m - 2 scrolls of identify {unknown}
 p - a scroll of acquirement {unknown}
Potions
 d - 4 potions of flight {unknown}
 h - 3 potions of curing {unknown}
 n - a potion of ambrosia {unknown}
 o - 2 potions of attraction {unknown}


   Skills:
 + Level 2.6 Short Blades
 - Level 2.1 Dodging
 + Level 5.4 Stealth
 + Level 3.2 Spellcasting
 - Level 4.5 Necromancy


You had 6 spell levels left.
You knew the following spells:

 Your Spells              Type           Power      Damage    Failure   Level
a - Pain                  Necr           80%        1d8       2%          1
b - Vampiric Draining     Necr           20%        2d7       7%          3

Your spell library contained the following spells:

 Spells                   Type           Power      Damage    Failure   Level
 Animate Skeleton         Necr           40%        N/A       2%          1
 Animate Dead             Necr           10%        N/A       22%         4
 Agony                    Necr           20%        N/A       54%         5


Dungeon Overview and Level Annotations

Branches:
Dungeon (4/15)
 Temple: D:4-7

Altars:
Dithmenos


Innate Abilities, Weirdness & Mutations

Your natural rate of healing is accelerated.
You have razor-sharp teeth.
You have supernaturally acute eyesight. (SInv)
You are afflicted with vampirism and can become a bat while bloodless.
[You are frail. (-10% HP)]


Message History

You are poisoned.
The adder poisons you!
You climb upwards.
You feel sick.
There is a stone staircase leading down here.
Unknown command.
You are too injured to fight recklessly!
You hit the orc but do no damage.
You feel sick. The adder misses you. The orc hits you but does no damage.
You feel sick. The adder bites you. The adder barely misses you.
You feel sick.
You feel sick.
You are no longer poisoned.
The adder barely misses you.
There is a stone staircase leading up here.
Casting: Vampiric Draining (quite dangerous; 7% risk of failure)
Confirm with . or Enter, or press ? or * to list all spells.
The spell is quite dangerous to miscast (7% risk of failure)!
Continue anyway?
Aiming: Vampiric Draining (quite dangerous; 7% risk of failure)
Press: ? - help, Shift-Dir - straight line, f - adder
Aim: an adder You draw life force from the adder!
You feel life coursing into your body. The orc barely misses you.
The adder bites you.
You miss the adder.
The adder is severely wounded.
The orc hits you with a +0 short sword. The adder misses you.
You hit the adder.
The adder is almost dead.
The adder closely misses you. The orc barely misses you.
You miss the adder.
The adder is almost dead.
The adder bites you.
* * * LOW HITPOINT WARNING * * *
The orc closely misses you.
You hit the adder.
The adder is almost dead.
The adder bites you.
* * * LOW HITPOINT WARNING * * *
The orc hits you with a +0 short sword.
You die...

#.# #.# #.# #.# ##.###.#
#### #.###.#.##.# #...
#.##.###.#.##########.##
#...## ##.............#
####.###.#.########.####
##.#.................
##..S.......######.#
##@o.#####># #.. ##.##
#.# ### #.# #.# ##.# #.#
##§#####... #.#
#§§##...... #.#
##§###.##...
#.####.§§##.###.#
#...#§#.#§#.###.#
###.§§._.§§.##...


You could see an adder and an orc.

Vanquished Creatures
  2 orc wizards (D:4)
  3 adders
  4 worms
  2 dart slugs
  2 orcs (D:4)
  7 endoplasms
  6 giant cockroaches
  3 goblins
  3 hobgoblins (D:1)
  2 jackals (D:2)
  2 kobolds
  2 quokkas (D:1)
  10 ball pythons
  6 bats
  5 frilled lizards
  4 rats
63 creatures vanquished.

Notes
Turn   | Place    | Note
-------+----------+-------------------------------------------
     0 | D:1      | jjjjhere the Vampire Necromancer began the quest for the
                  | Orb.
     0 | D:1      | Reached XP level 1. HP: 13/13 MP: 3/3
   117 | D:1      | Reached XP level 2. HP: 18/19 MP: 0/5
   347 | D:1      | Found a faded altar of an unknown god.
   353 | D:1      | HP: 6/19 [hobgoblin (4)]
   650 | D:2      | Reached skill level 1 in Short Blades
   829 | D:2      | Reached skill level 4 in Stealth
   829 | D:2      | Gained mutation: You are afflicted with vampirism and can
                  | become a bat while bloodless. [Vampire growth]
   829 | D:2      | Reached XP level 3. HP: 18/21 MP: 6/6
   833 | D:2      | Learned a level 3 spell: Vampiric Draining
  1529 | D:2      | Reached XP level 4. HP: 17/27 MP: 8/8
  2014 | D:3      | Found a shadowy altar of Dithmenos.
  2326 | D:4      | Reached skill level 5 in Stealth
  2346 | D:4      | Reached XP level 5. HP: 29/31 MP: 3/9
  2381 | D:3      | HP: 9/31 [adder (2)]
  2382 | D:3      | Slain by an orc

Illustrated notes

Levels and vault maps discovered:
D:1:      roderic_crossed_star, layout_rooms,
          hellmonk_ecumenical_altar_leap_of_faith, nicolae_figureground_sparkle
D:2:      layout_basic, item_on_display_a
D:3:      layout_loops_ring, grunt_dithmenos_smoke_and_mirrors
D:4:      layout_loops_ring, abandoned_shop

Skill      XL: |  1  2  3  4 |
---------------+-------------+-----
Short Blades   | 1 2 |  2.6
Stealth        | 4 5 |  5.4
Spellcasting   | 3 |  3.2
Dodging        | |  2.1
Necromancy     | |  4.5

Action                   |  1- 3 |  4- 6 || total
-------------------------+-------+-------++-------
Melee: Dagger            |    63 |    41 ||   104
       Unarmed           |     4 |       ||     4
       Bite              |     7 |     4 ||    11
 Cast: Pain              |    29 |    16 ||    45
       Vampiric Draining |       |     5 ||     5
 Abil: Exsanguinate      |     1 |       ||     1
       Revivify          |     1 |       ||     1
 Stab: Sleeping          |    11 |     8 ||    19
Armor: Robe              |     9 |     4 ||    13
Dodge: Dodged            |    51 |    30 ||    81
